Map: Outpost

Players

BlueHawk

  • Race: Terran Terran
  • Spawn Location: 7:00

fortes

  • Race: Zerg Zerg
  • Spawn Location: 9:00

rod

  • Race: Terran Terran
  • Spawn Location: 3:00

irvinz

  • Race: Zerg Zerg
  • League: Gold
  • Spawn Location: 3:00

DarkTemplar

  • Race: Protoss Protoss
  • League: Silver
  • Spawn Location: 7:00

bertman

  • Race: Terran Terran
  • Spawn Location: 1:00

VOD

Have the link to the VOD?

Description

Time

  • Played on: Aug. 31, 2018, 2:52 p.m.
  • Length: 11:15
Show
View Real Time Build Order
Export as new Build Order

BlueHawk Terran 

Build Orders:  

Get SALT Encoding   

  12  0:10  Supply Depot  
  12  0:13  SCV  
  13  0:26  SCV  
  14  0:33  Barracks  
  14  0:39  SCV  
  15  0:43  Refinery  
  15  0:51  SCV  
  16  1:05  SCV  
  17  1:19  SCV  
  17  1:22  Marine  
  19  1:32  Orbital Command  
  19  1:40  Marine  
  20  1:52  Command Center  
  20  1:58  SCV  
  21  2:05  Marine  
  22  2:14  SCV  
  23  2:19  Refinery  
  23  2:23  Factory  
  23  2:34  Supply Depot  
  23  2:35  Supply Depot  
  23  2:39  Barracks Tech Lab  
  23  2:56  SCV  
  24  2:59  Stimpack  
  24  3:08  SCV  
  24  3:13  Barracks  
  24  3:25  SCV  
  23  3:28  Orbital Command  
  23  3:33  Factory Reactor  
  23  3:38  SCV  
  24  3:51  Engineering Bay, Supply Depot  
  24  3:56  SCV x2, Starport  
  24  4:02  Marine x2  
  28  4:14  Engineering Bay  
  28  4:15  SCV  
  28  4:16  SCV  
  30  4:20  Marine  
  31  4:30  SCV x2  
  33  4:34  Starport Reactor  
  33  4:37  Factory Tech Lab  
  33  4:42  Marine x3  
  26  5:03  SCV  
  24  5:13  Marine x3  
  27  5:14  Siege Tank, Medivac  
  27  5:15  SCV, Medivac  
  35  5:26  Orbital Command  
  35  5:27  SCV  
  36  5:30  Marine  
  36  5:31  Marine  
  38  5:40  SCV  
  39  5:46  Bunker  
  39  5:51  Bunker  
  39  5:52  SCV  
  39  5:53  SCV  
  39  5:54  Marine x3  
  39  5:55  Siege Tank  
  47  5:58  Medivac  
  49  6:04  SCV  
  49  6:06  SCV  
  51  6:12  Marine  
  51  6:16  SCV  
  51  6:18  Marine x2  
  55  6:29  SCV x2  
  55  6:32  Bunker  
  57  6:36  Missile Turret  
  57  6:47  Marine x3  
  60  6:57  Missile Turret  
  60  7:03  Supply Depot x2  
  60  7:05  Marine x2  
  62  7:13  Terran Infantry Weapons Level 1  
  62  7:22  Barracks  
  62  7:23  Barracks  
  62  7:24  Siege Tank, Marine x3, SCV x2  
  62  7:25  Medivac  
  62  7:27  Factory  
  72  7:34  Terran Infantry Armor Level 1  
  72  7:37  SCV  
  73  7:42  Marine x2  
  76  7:44  SCV  
  76  7:54  Ghost Academy  
  76  7:56  Marine  
  76  7:57  SCV  
  78  8:09  Supply Depot  
  78  8:10  Supply Depot x2  
  78  8:11  Missile Turret  
  78  8:14  Missile Turret  
  78  8:26  Personal Cloaking  
  78  8:31  Marine x5, SCV x2  
  85  8:45  Command Center  
  85  8:46  SCV  
  85  8:47  SCV  
  87  8:48  Marine x2, Factory Tech Lab  
  87  8:50  Siege Tank  
  87  8:55  Marine x3  
  93  9:02  Refinery, Supply Depot x2  
  95  9:03  Refinery  
  95  9:06  Marine  
  96  9:19  SCV x2  
  96  9:23  Marine x2  
  96  9:24  Marine x3  
  101  9:25  Siege Tank x2  
  101  9:27  Viking  
  109  9:38  SCV x2  
  111  9:41  Marine  
  112  9:54  SCV x2  
  112  9:55  Marine x3  
  112  9:56  Marine  
  112  9:59  Marine  
  119  10:01  Supply Depot  
  119  10:02  Supply Depot  
  119  10:12  Ghost Academy  
  119  10:15  Ghost Academy  
  108  10:27  Marine  
  108  10:28  Marine x4  
  62  10:41  SCV x2  
  64  10:45  Marine x2  
  65  10:57  SCV x2  
Show
View Real Time Build Order
Export as new Build Order

fortes Zerg 

Build Orders: Hatch First 

Get SALT Encoding   

  12  0:01  Drone  
  13  0:13  Overlord  
  13  0:17  Drone  
  14  0:31  Drone x2  
  16  0:43  Drone  
  17  0:52  Drone  
  18  1:02  Hatchery, Drone  
  18  1:08  Drone  
  19  1:16  Extractor  
  18  1:27  Spawning Pool, Drone  
  18  1:30  Drone  
  19  1:45  Drone  
  20  1:50  Drone  
  21  2:03  Drone  
  22  2:16  Queen  
  22  2:18  Drone x2  
  26  2:23  Spine Crawler, Drone  
  26  2:25  Drone  
  27  2:42  Drone  
  28  2:45  Metabolic Boost  
  28  2:50  Overlord  
  28  2:55  Overlord  
  28  2:57  Spine Crawler  
  28  2:58  Drone  
  28  3:15  Drone  
  28  3:16  Extractor, Drone x2  
  30  3:29  Drone x3  
  33  3:38  Drone x2  
  33  3:40  Lair  
  35  3:42  Drone x3  
  35  3:43  Drone  
  35  3:48  Hatchery  
  38  3:50  Drone  
  39  4:10  Drone x3  
  39  4:14  Queen  
  44  4:19  Spine Crawler  
  44  4:22  Drone  
  44  4:28  Overlord x3  
  44  4:44  Hydralisk Den  
  43  4:50  Drone x5  
  43  4:51  Drone  
  49  4:57  Drone  
  49  4:59  Queen  
  50  5:01  Drone  
  50  5:04  Drone  
  54  5:16  Drone x3  
  57  5:21  Drone x2  
  59  5:32  Drone  
  59  5:33  Drone x2  
  59  5:34  Evolution Chamber  
  61  5:38  Spine Crawler  
  61  5:39  Drone x3, Spine Crawler  
  61  5:40  Drone x3  
  65  5:47  Drone  
  66  5:59  Drone  
  67  6:06  Zergling x4  
  67  6:07  Zergling x14  
  74  6:15  Spine Crawler  
  58  6:25  Zergling x8  
  58  6:26  Zergling x12  
  65  6:35  Zergling x4  
  67  6:42  Drone x2  
  69  7:04  Queen  
  71  7:22  Hydralisk  
  73  7:23  Overlord x2  
  73  7:24  Overlord  
  73  7:54  Hydralisk x2  
  73  7:55  Hydralisk x7  
  73  7:56  Hydralisk x2  
  95  8:06  Zergling x2  
  95  8:07  Hatchery  
  74  8:29  Hatchery  
  61  8:37  Drone x2  
  61  8:38  Drone  
  64  8:46  Zergling x2  
  64  8:47  Zergling x6  
  67  9:17  Drone x3  
  59  9:21  Zergling x2, Hydralisk  
  59  9:22  Hydralisk  
  59  9:28  Hydralisk  
  59  9:29  Hydralisk  
  63  9:42  Drone x3  
  66  9:47  Hydralisk x2  
  66  9:52  Drone x3  
  73  9:53  Drone  
  74  10:16  Drone x3  
  74  10:17  Hydralisk x2  
  74  10:19  Overlord x3, Hatchery  
  74  10:21  Zergling x2  
  81  10:35  Spine Crawler  
  80  10:38  Spine Crawler  
  80  10:42  Spine Crawler  
  77  10:44  Spine Crawler  
  77  10:46  Spine Crawler  
  77  10:48  Spine Crawler, Drone x4  
  78  10:55  Drone  
  78  10:56  Drone x3  
  82  10:58  Drone x2  
Show
View Real Time Build Order
Export as new Build Order

rod Terran 

Build Orders:  

Get SALT Encoding   

  12  0:01  SCV  
  13  0:13  SCV  
  14  0:24  Supply Depot  
  14  0:25  SCV  
  15  0:40  Refinery  
  15  0:46  SCV  
  16  0:58  SCV  
  17  1:06  Barracks  
  17  1:26  SCV  
  18  1:54  Supply Depot  
  18  1:57  Marine  
  19  2:10  Command Center  
  19  2:15  Marine  
  20  2:28  Engineering Bay  
  20  2:32  Refinery  
  20  2:33  Marine  
  21  2:44  Barracks  
  21  2:51  Marine  
  22  3:10  Terran Infantry Weapons Level 1  
  22  3:24  Bunker  
  22  3:33  SCV  
  23  3:43  Orbital Command  
  23  3:45  SCV  
  24  3:57  SCV, Barracks  
  24  3:59  Barracks Tech Lab  
  24  4:00  Factory  
  25  4:06  Barracks Tech Lab  
  25  4:12  Refinery  
  25  4:15  SCV  
  26  4:17  SCV  
  26  4:19  Refinery  
  27  4:28  SCV  
  27  4:29  SCV  
  29  4:36  Marine  
  29  4:37  Marine  
  31  4:45  Factory  
  31  4:54  SCV  
  32  5:01  Barracks Tech Lab  
  32  5:03  Marauder  
  32  5:04  Terran Infantry Armor Level 1, Marauder  
  32  5:06  SCV  
  37  5:18  Factory Tech Lab  
  37  5:24  Marine  
  37  5:25  Marauder, Supply Depot  
  40  5:32  Supply Depot  
  40  5:37  SCV  
  40  5:42  Marine  
  42  5:45  SCV  
  42  5:47  Marauder  
  42  5:48  Supply Depot  
  42  5:49  SCV  
  46  5:58  SCV, Marine  
  46  6:00  Marine  
  46  6:01  SCV  
  50  6:08  Marine  
  51  6:16  Marine  
  51  6:18  Marine  
  53  6:20  Armory  
  53  6:25  Starport  
  53  6:44  SCV  
  54  6:55  Marauder x3  
  54  6:56  SCV  
  61  7:02  Widow Mine  
  63  7:16  Marauder  
  63  7:17  Marauder x2  
  69  7:40  Terran Infantry Weapons Level 2  
  69  7:47  Supply Depot  
  69  7:59  Supply Depot  
  69  8:09  Widow Mine, Marauder  
  69  8:10  Supply Depot  
  73  8:22  Supply Depot  
  73  8:24  Command Center  
  70  8:27  Stimpack  
  70  8:28  Combat Shields  
  70  8:30  Concussive Shells  
  70  8:32  Supply Depot  
  70  8:40  Widow Mine  
  72  8:42  Marine x3  
  72  8:46  Supply Depot  
  75  8:52  Engineering Bay  
  75  8:59  Marine  
  75  9:00  Marine x2  
  73  9:14  Supply Depot  
  73  9:37  Supply Depot  
  73  9:38  Medivac  
  75  9:59  Supply Depot  
  75  10:22  Supply Depot  
  75  10:35  Marine x3  
  78  10:45  Supply Depot  
  78  10:53  Marine x3  
  81  11:08  Supply Depot  
Show
View Real Time Build Order
Export as new Build Order

irvinz Zerg 

Build Orders: Hatch First 

Get SALT Encoding   

  12  0:01  Drone  
  13  0:08  Drone  
  14  0:41  Overlord  
  14  0:44  Hatchery  
  14  0:47  Drone  
  14  0:59  Drone x2  
  16  1:05  Drone  
  17  1:14  Spawning Pool  
  17  1:17  Drone  
  17  1:24  Extractor, Drone  
  17  1:41  Overlord  
  17  1:47  Drone  
  18  2:04  Zergling x2  
  18  2:05  Zergling x2  
  20  2:09  Queen x2  
  24  2:18  Drone  
  25  2:27  Drone x2  
  25  2:28  Drone  
  28  2:33  Spine Crawler  
  27  2:40  Metabolic Boost  
  27  2:41  Drone  
  27  2:43  Zergling x2  
  29  2:57  Queen  
  31  3:03  Zergling x4, Drone x3  
  31  3:05  Overlord  
  36  3:17  Spine Crawler  
  35  3:30  Drone x3  
  35  3:31  Drone x3  
  35  3:33  Zergling x4  
  43  3:35  Drone  
  44  3:43  Overlord x2  
  44  3:52  Roach Warren  
  44  3:53  Drone  
  44  4:02  Drone x4  
  48  4:07  Drone x3  
  48  4:09  Drone x2  
  53  4:15  Queen  
  55  4:17  Extractor, Drone x3  
  55  4:23  Queen  
  59  4:25  Overlord  
  59  4:28  Extractor  
  58  4:31  Extractor, Zergling x2  
  58  4:37  Zergling x2  
  58  4:38  Zergling x2  
  60  4:43  Zergling x2  
  60  4:44  Zergling x4  
  62  4:47  Zergling x4  
  62  4:48  Zergling x2  
  62  4:52  Zergling x4  
  67  5:07  Overlord x2  
  67  5:11  Lair  
  67  5:17  Overlord  
  67  5:25  Overlord, Roach x2  
  73  5:28  Roach  
  73  5:29  Roach x4  
  81  5:37  Hatchery  
  81  5:38  Roach  
  81  5:40  Roach  
  86  5:43  Roach  
  86  5:47  Roach  
  86  5:48  Roach  
  90  5:56  Roach  
  90  5:57  Roach x4  
  97  6:05  Roach  
  98  6:13  Overlord  
  98  6:17  Glial Reconstitution  
  97  6:21  Hydralisk Den  
  97  6:24  Roach x2, Evolution Chamber  
  97  6:25  Evolution Chamber  
  96  6:26  Zergling x6  
  96  6:27  Zergling x4, Overlord  
  96  6:31  Roach  
  98  6:37  Roach  
  98  6:43  Drone  
  98  6:44  Drone  
  99  6:49  Drone  
  99  6:50  Drone  
  99  6:51  Drone x3  
  99  6:52  Drone  
  99  6:53  Drone  
  106  6:58  Drone  
  106  7:01  Drone  
  108  7:03  Drone  
  108  7:07  Drone  
  110  7:12  Drone  
  111  7:17  Drone  
  111  7:18  Drone  
  111  7:22  Drone  
  110  7:24  Extractor, Drone  
  110  7:26  Extractor  
  109  7:32  Drone x2  
  109  7:35  Spore Crawler, Drone x2  
  109  7:36  Drone x2  
  114  7:37  Spore Crawler  
  114  7:42  Drone  
  114  7:44  Drone  
  114  7:46  Hydralisk  
  114  7:51  Grooved Spines  
  117  7:53  Zerg Missile Weapons Level 1  
  117  7:54  Zerg Ground Armor Level 1  
  117  7:55  Hydralisk x2  
  121  8:01  Overlord x2  
  121  8:12  Hatchery, Drone  
  121  8:17  Overlord x2  
  121  8:18  Pneumatized Carapace  
  119  8:22  Zergling x4  
  119  8:23  Zergling x10  
  119  8:24  Hydralisk  
  125  8:32  Roach x2  
  129  8:34  Hydralisk x2  
  129  8:35  Hydralisk  
  129  8:37  Hydralisk  
  137  8:47  Hydralisk x3  
  143  8:49  Hydralisk x2  
  147  8:56  Hydralisk x3  
  147  8:58  Overlord  
  147  9:02  Overlord x3, Muscular Augments  
  153  9:16  Queen, Drone x4  
  159  9:17  Drone x2  
  160  9:40  Hatchery  
  160  9:41  Extractor  
  160  9:42  Extractor  
  160  9:44  Roach x2  
  160  9:45  Roach x6  
  168  9:46  Hydralisk  
  168  9:47  Roach  
  156  9:52  Hydralisk  
  156  9:53  Roach x2  
  156  9:59  Hydralisk x2  
  157  10:09  Hydralisk x4  
  159  10:23  Hydralisk  
  159  10:24  Roach x2  
  141  10:28  Hydralisk  
  141  10:29  Roach x3, Hydralisk  
  141  10:39  Roach x2, Hydralisk x2  
Show
View Real Time Build Order
Export as new Build Order

DarkTemplar Protoss 

Build Orders:  

Get SALT Encoding   

  12  0:01  Probe  
  13  0:13  Probe  
  14  0:25  Probe  
  14  0:26  Pylon  
  15  0:44  Probe  
  15  0:48  Gateway  
  16  0:52  Assimilator  
  16  0:56  Probe  
  17  1:09  Pylon  
  17  1:11  Probe  
  18  1:22  Pylon  
  18  1:23  Probe  
  19  1:35  Probe  
  20  1:41  Cybernetics Core  
  20  1:44  Gateway  
  20  1:45  Zealot  
  22  1:49  Probe  
  23  2:00  Assimilator, Warp Gate  
  23  2:01  Probe  
  24  2:12  Zealot  
  26  2:30  Probe  
  27  2:38  Pylon  
  26  2:56  Probe  
  25  3:08  Probe  
  25  3:10  Pylon  
  26  3:15  Robotics Facility  
  26  3:16  Nexus  
  26  3:17  Probe  
  26  3:18  Forge  
  27  3:28  Zealot  
  27  3:33  Zealot  
  31  3:34  Probe  
  32  3:46  Protoss Ground Weapons Level 1  
  32  3:54  Probe  
  33  3:58  Pylon  
  33  4:01  Pylon  
  33  4:06  Probe  
  34  4:18  Zealot  
  34  4:19  Zealot  
  39  4:24  Probe  
  39  4:27  Observer  
  39  4:29  Probe  
  40  4:36  Probe  
  42  4:41  Probe  
  42  4:44  Observer  
  43  4:48  Probe  
  45  4:53  Probe  
  45  4:58  Pylon  
  46  5:00  Probe  
  46  5:03  Stalker x2  
  46  5:05  Probe  
  52  5:12  Probe  
  53  5:17  Probe  
  54  5:25  Probe  
  54  5:28  Immortal  
  59  5:29  Probe  
  56  5:36  Stargate  
  56  5:37  Stargate, Probe  
  56  5:41  Zealot  
  56  5:42  Zealot  
  61  5:50  Photon Cannon  
  61  5:55  Pylon  
  61  5:59  Probe  
  62  6:13  Probe x2  
  62  6:17  Stalker x2  
  68  6:23  Phoenix  
  70  6:35  Pylon  
  70  6:39  Pylon  
  70  6:40  Pylon  
  70  6:42  Pylon  
  70  6:44  Gateway  
  70  6:53  Observer, Void Ray, Probe x2  
  77  7:01  Nexus, Void Ray  
  77  7:05  Probe  
  82  7:10  Assimilator  
  82  7:15  Assimilator  
  72  7:24  Stalker  
  72  7:27  Immortal  
  72  7:28  Stalker  
  77  7:45  Photon Cannon  
  77  7:47  Photon Cannon  
  77  7:48  Probe x2  
  77  7:50  Photon Cannon  
  79  8:00  Probe  
  79  8:05  Pylon  
  79  8:07  Photon Cannon  
  79  8:08  Photon Cannon  
  79  8:11  Gateway  
  79  8:22  Void Ray  
  79  8:25  Stalker  
  79  8:26  Stalker  
  87  8:28  Probe x2  
  87  8:31  Probe  
  90  8:40  Probe  
  91  8:58  Protoss Ground Armor Level 1  
  91  9:02  Stalker  
  91  9:03  Stalker x2  
  91  9:06  Probe x3  
  100  9:13  Assimilator  
  100  9:17  Assimilator  
  100  9:19  Pylon  
  100  9:21  Pylon  
  100  9:24  Pylon  
  100  9:26  Robotics Bay  
  100  9:30  Void Ray  
  100  9:31  Robotics Facility  
  104  9:33  Gateway  
  104  9:38  Gateway  
  104  9:41  Pylon  
  86  9:55  Void Ray  
  72  10:07  Zealot x3  
  74  10:08  Zealot  
  68  10:23  Void Ray  
  68  10:24  Cybernetics Core  
  68  10:27  Cybernetics Core  
  68  10:28  Photon Cannon  
  68  10:29  Void Ray, Photon Cannon  
  68  10:31  Photon Cannon  
  69  11:05  Stalker x2  
Show
View Real Time Build Order
Export as new Build Order

bertman Terran 

Build Orders:  

Get SALT Encoding   

  12  0:01  SCV  
  13  0:16  Supply Depot  
  13  0:27  SCV  
  14  0:40  Barracks  
  14  0:47  Refinery  
  14  1:08  SCV  
  15  1:29  Supply Depot  
  15  1:37  Orbital Command  
  15  1:42  Barracks Tech Lab  
  15  2:06  Marine  
  16  2:11  SCV  
  17  2:24  Marine  
  18  2:34  Command Center  
  18  2:41  Barracks  
  18  2:42  Marine  
  19  3:00  Marine  
  20  3:14  Supply Depot  
  20  3:18  Marine  
  21  3:35  Marine  
  21  3:40  Barracks Reactor  
  22  3:44  Supply Depot  
  22  3:53  Marine  
  23  4:11  Marine, Factory  
  23  4:16  Combat Shields  
  24  4:27  Engineering Bay  
  24  4:29  Marine  
  25  4:47  Marine  
  26  5:11  Factory Reactor, Terran Infantry Weapons Level 1  
  26  5:18  Barracks  
  26  5:19  SCV  
  27  5:31  SCV  
  28  5:41  Marine x2  
  28  5:42  Marine  
  31  5:43  SCV  
  32  5:55  SCV  
  32  5:56  Refinery  
  33  5:59  Marine x3  
  36  6:07  SCV  
  37  6:17  Marine x3  
  40  6:22  Missile Turret  
  40  6:30  Missile Turret  
  40  6:32  Missile Turret  
  40  6:35  Marine x3  
  40  6:38  SCV  
  44  6:43  Factory  
  44  6:53  Marine  
  45  7:02  SCV  
  45  7:06  Terran Infantry Armor Level 1  
  46  7:11  Marine, Refinery  
  46  7:14  SCV  
  48  7:26  SCV  
  48  7:38  SCV  
  49  7:45  Factory Tech Lab  
  49  7:57  Starport  
  49  8:10  Siege Tank  
  48  8:42  Siege Tank  
  51  9:10  Armory  
  31  9:36  Starport Reactor  
  31  9:55  Cyclone x2  
  31  9:58  SCV  
  38  10:09  Marine x4  
  38  10:10  SCV  
  38  10:13  Refinery  
  43  10:27  Marine x4  
  43  10:28  SCV  
  48  10:35  Starport  
  48  10:40  SCV  
  49  10:45  Marine x4  
  54  11:14  Supply Depot  
Tags
 
Add a new tag
Caveats
  • Supply blocks, unpowered buildings, or Contaminate may cause inaccurate times.
  • Supply counts are checked every 10 seconds.